 Dungeon Crawl Stone Soup version 0.31-a0-984-gbfb7dba898 (webtiles) character file.

Game seed: 6077136402202050486

208398 BinkBink the Slayer (level 18, -2/182 HPs)
             Began as a Ghoul Monk on Nov 3, 2023.
             Was the Champion of Qazlal.
             Slain by a demonic crawler (12 damage)
             ... on level 4 of the Spider Nest.
             The game lasted 00:56:19 (28609 turns).

BinkBink the Slayer (Ghoul Monk)                   Turns: 28609, Time: 00:56:21

Health: -2/182     AC: 31    Str: 35    XL:     18   Next: 78%
Magic:  17/17      EV: 14    Int:  5    God:    Qazlal [******]
Gold:   4123       SH:  8    Dex: 11    Spells: 17/17 levels left

rFire   . .          .
                       - Unarmed
rCold   + . .        c - orb {light}
rNeg    + + +        f - +8 plate armour {ponderous}
rPois   ∞            P - +2 helmet of Stained Joy {Will+}
rElec   .            (no cloak)
rCorr   .            R - +3 pair of gauntlets of War {Slay+5}
SInv    .            w - +2 pair of boots {Fly}
Will    ++...        Q - amulet of regeneration Stlth
                     S - +6 ring of strength
HPRegen 0.00/turn    L - +6 ring of strength
MPRegen 0.15/turn

%: repel missiles
@: mighty, about to teleport, protected from physical damage, flying, inhibited
regen, glowing, studying Staves, slow
A: claws 1, cold resistance 1, negative energy resistance 3, inhibited
regeneration, torment resistance 2, devour on kill
}: 1/15 runes: decaying
a: Renounce Religion, Upheaval, Elemental Force, Disaster Area


You were on level 4 of the Spider Nest.
You worshipped Qazlal.
Qazlal was exalted by your worship.
You visited 6 branches of the dungeon, and saw 29 of its levels.
You also visited: Bailey and Ice Cave.

You collected 4373 gold pieces.
You spent 250 gold pieces at shops.

Inventory:

Hand Weapons
 u - a +1 heavy arbalest
Armour
 c - an orb of light (worn)
 f - a +8 plate armour of ponderousness (worn)
 w - a +2 pair of boots of flying (worn)
 P - the +2 helmet of Stained Joy (worn) {Will+}
   (You bought it in a shop on level 2 of the Orcish Mines)

   Will+:     It increases your willpower.
 R - the +3 pair of gauntlets of War (worn) {Slay+5}
   (You found it in an ice cave)

   Slay+5:    It affects your accuracy & damage with ranged weapons and melee
   (+5).
Jewellery
 a - a +4 ring of protection
 j - a ring of willpower
 l - a +4 ring of protection
 x - the ring "Viros" {Contam Fly rCorr Str+3 Int-3}
   (You took it off an orc on level 7 of the Dungeon)

   [ring of resist corrosion]

   Str+3:     It affects your strength (+3).
   Int-3:     It affects your intelligence (-3).
   Fly:       It grants you flight.
   Contam:    It causes magical contamination when unequipped.
   rCorr:     It protects you from acid and corrosion.
 L - a +6 ring of strength (right hand)
 Q - an amulet of regeneration (around neck)
 S - a +6 ring of strength (left hand)
 X - the ring "Suypadas" {Ice rPois}
   (You found it on level 2 of the Lair of Beasts)

   [ring of ice]

   Ice:       It enhances your ice magic.
   rF-:       It makes you vulnerable to fire.
   rC+:       It protects you from cold.
   rPois:     It protects you from poison
Talismans
 M - a serpent talisman
Wands
 m - a wand of digging (6)
 v - a wand of iceblast (25)
 D - a wand of acid (5)
 G - a wand of mindburst (15)
 O - a wand of flame (80)
 V - a wand of charming (26)
 Y - a wand of polymorph (15)
Scrolls
 d - 4 scrolls of amnesia
 e - 8 scrolls of teleportation
 k - 3 scrolls of immolation
 o - 5 scrolls of poison
 s - a scroll of brand weapon
 y - 6 scrolls of silence
 z - 2 scrolls of torment
 A - a scroll of revelation
 C - 3 scrolls of enchant armour
 E - 3 scrolls of vulnerability
 K - 4 scrolls of fear
 N - 5 scrolls of identify
 W - 2 scrolls of noise
Potions
 b - 14 potions of ambrosia
 h - a potion of degeneration
 i - a potion of might
 n - 2 potions of cancellation
 p - 13 potions of curing
 q - 6 potions of enlightenment
 r - 4 potions of mutation
 t - 5 potions of magic
 H - 4 potions of haste
 I - a potion of invisibility
 U - 7 potions of lignification


   Skills:
 + Level 21.3 Fighting
 + Level 18.0 Dodging
 + Level 21.0 Unarmed Combat


You had 17 spell levels left.
You didn't know any spells.
Your spell library contained the following spells:

 Spells                   Type           Power      Damage    Failure   Level
 Magic Dart               Conj           0%         1d3       99%         1
 Necrotise                Necr           0%         1d4       99%         1
 Slow                     Hex            0%         N/A       99%         1
 Sting                    Tmut/Pois      0%         1d3       99%         1
 Call Imp                 Summ           0%         N/A       100%        2
 Ensorcelled Hibernation  Hex/Ice        0%         N/A       100%        2
 Jinxbite                 Hex            0%         N/A       100%        2
 Poisonous Vapours        Pois/Air       0%         N/A       100%        2
 Static Discharge         Conj/Air       0%         3-3/arc   100%        2
 Confusing Touch          Hex            0%         N/A       100%        3
 Dazzling Flash           Conj/Hex       0%         N/A       100%        3
 Ignite Poison            Fire/Tmut/Pois 0%         N/A       100%        3
 Inner Flame              Hex/Fire       0%         N/A       100%        3
 Mephitic Cloud           Conj/Pois/Air  0%         N/A       100%        3
 Sigil of Binding         Hex            0%         N/A       100%        3
 Summon Guardian Golem    Hex/Summ       0%         N/A       100%        3
 Teleport Other           Tloc           0%         N/A       100%        3
 Vampiric Draining        Necr           0%         2d6       100%        3
 Airstrike                Air            0%         2d(0-16)  100%        4
 Anguish                  Hex/Necr       0%         N/A       100%        4
 Animate Armour           Summ/Erth      0%         N/A       100%        4
 Olgreb's Toxic Radiance  Pois           0%         N/A       100%        4
 Passage of Golubria      Tloc           0%         N/A       100%        4
 Summon Lightning Spire   Summ/Air       0%         N/A       100%        4
 Agony                    Necr           0%         N/A       100%        5
 Iskenderun's Battlesphe  Conj           0%         2d6       100%        5
 Lee's Rapid Deconstruct  Erth           0%         3d4*      100%        5
 Silence                  Hex/Air        0%         N/A       100%        5
 Summon Forest            Summ/Tloc      0%         N/A       100%        5
 Summon Mana Viper        Hex/Summ       0%         N/A       100%        5
 Yara's Violent Unravell  Hex/Tmut       0%         3d3       100%        5
 Bombard                  Conj/Erth      0%         9d1       100%        6
 Conjure Ball Lightning   Conj/Air       0%         3x3d6     100%        6
 Eringya's Noxious Bog    Tmut/Pois      0%         4d6       100%        6
 Summon Cactus Giant      Summ           0%         N/A       100%        6
 Enfeeble                 Hex            0%         N/A       100%        7
 Orb of Destruction       Conj           0%         9d5       100%        7
 Spellforged Servitor     Conj/Summ      0%         N/A       100%        7
 Summon Hydra             Summ           0%         N/A       100%        7
 Ignition                 Fire           0%         3d3       100%        8
 Lehudib's Crystal Spear  Conj/Erth      0%         10d2      100%        8
 Dragon's Call            Summ           0%         N/A       100%        9
 Fire Storm               Conj/Fire      0%         5d1       100%        9


Dungeon Overview and Level Annotations

Branches:
Dungeon (13/15)            Temple (1/1) D:4            Lair (5/5) D:11
  Swamp (4/4) Lair:2       Spider (4/4) Lair:3        Slime (0/5) Lair:4
    Orc (2/2) D:9             Elf (0/3) Orc:2        Bailey (visited)
  IceCv (visited)
 Vaults: D:13-14

Altars:
Ashenzari
Cheibriados
Dithmenos
Fedhas
Gozag
Hepliaklqana
Kikubaaqudgha
Makhleb
Nemelex Xobeh
Okawaru
Qazlal
Ru
Sif Muna
Trog
Uskayaw
Vehumet
Wu Jian
Xom
Yredelemnul
Jiyva

Shops:
D:1 (   Orc:2 ([*=

Annotations:
D:6 1 runed translucent door, Crazy Yiuf
Lair:2 3 runed translucent doors, pzskc383's ghost, journeyman GrFi
Lair:4 exclusion: 5 oklob plants


Innate Abilities, Weirdness & Mutations

You are immune to poison.
You have sharp fingernails.
Your flesh is cold resistant. (rC+)
You are immune to negative energy. (rN+++)
You do not regenerate when monsters are visible.
You are immune to unholy pain and torment.
You thrive by killing the living.


Message History

You kill the wolf spider!
Qazlal accepts your kill.
You feel better.
A freezing mist starts to gather...
A wolf spider simulacrum comes into view.
You hear a faint skittering sound.
You hear a skittering sound.
You hear a faint skittering sound.
The demonic crawler hits you!
* * * LOW HITPOINT WARNING * * *
The demonic crawler closely misses you. x2
The wolf spider simulacrum is engulfed in a thunderstorm.
The culicivora is engulfed in a thunderstorm.
The culicivora misses you.
The meliai simulacrum is engulfed in blazing flames.
You punch the culicivora!
The culicivora is severely wounded.
The redback's soul is no longer bound.
The culicivora chitters at the wolf spider simulacrum.
The wolf spider simulacrum is healed somewhat.
The demonic crawler barely misses you. The demonic crawler closely misses you.
The demonic crawler barely misses you.
The demonic crawler hits you but does no damage.
The demonic crawler closely misses you. The demonic crawler misses you.
The redback simulacrum is engulfed in a thunderstorm.
The wolf spider simulacrum misses you.
The wolf spider simulacrum bites you but does no damage.
The culicivora bites you but does no damage.
You punch the culicivora!
You kill the culicivora!
Qazlal accepts your kill.
A freezing mist starts to gather...
A culicivora simulacrum comes into view.
You hear a faint skittering sound.
The meliai calls upon its god to heal something.
The demonic crawler hits you but does no damage.
The demonic crawler completely misses you.
The demonic crawler hits you but does no damage.
The demonic crawler hits you!
* * * LOW HITPOINT WARNING * * *
You block the demonic crawler's attack. The demonic crawler hits you!
You die...

.......≈.§#
.........~#
.........#
.......sZ#
.s.....sss#
....^..ss##
.......sss##
........sss##
........ZZs@#
..B.....ZsZZ#
s.).....ZssssZ#
.....ZZsZZy....
........BsZs...
..^............
?.......s......
...............
...............


You could see an emperor scorpion (soul bound), 3 demonic crawlers, a wolf
spider, 3 orb spiders, 2 culicivoras, a pharaoh ant, 4 tarantellas, 7 redbacks,
a meliai (soul bound), 2 wolf spider simulacra, 2 jumping spider simulacra, a
tarantella simulacrum, 2 redback simulacra, a meliai simulacrum and 3 culicivora
simulacra.

Vanquished Creatures
  Arachne (Spider:3)
  Jorgrun (Orc:2)
  Mlioglotl (Spider:1)
  Kirke (Lair:5)
  Agnes (Spider:2)
  Donald (Spider:1)
  Roxanne (Spider:1)
  4 emperor scorpions
  A frost giant (IceCv)
  A ghost moth (Spider:3)
  Louise (Swamp:1)
  An orc warlord (Orc:2)
  4 broodmothers
  A very ugly thing (Swamp:4)
  3 bunyips
  5 eleionomae
  Nessos (D:12)
  Josephine (Lair:5)
  4 entropy weavers
  2 green deaths (Swamp:4)
  A fire dragon (Lair:5)
  A shambling mangrove (Swamp:3)
  Fannar (Lair:2)
  A hell beast (Swamp:4)
  A catoblepas (Lair:5)
  A ghost crab (Swamp:3)
  2 great orbs of eyes (Swamp:4)
  13 hydras
  8 alligators
  4 radroaches
  7 boulder beetles
  6 two-headed ogres
  12 death yaks
  5 demonic crawlers
  An occultist (Swamp:4)
  6 orc high priests (Orc:2)
  2 spriggan berserkers (Swamp:2)
  Amaemon (Lair:3)
  A skyshark (Lair:5)
  A fire crab (Lair:3)
  A sun moth (Spider:2)
  8 pharaoh ants
  4 goliath frogs
  3 spriggan druids
  14 swamp dragons
  10 orb spiders
  4 bog bodies
  6 orc knights
  A deep elf zephyrmancer (Orc:2)
  A deep elf pyromancer (Orc:2)
  4 steelbarb worms
  3 lindwurms
  4 orc sorcerers
  5 ugly things (Swamp:4)
  4 will-o-the-wisps
  26 wolf spiders
  A cyclops (D:13)
  An oklob plant (Lair:4)
  3 manticores
  2 moths of wrath (Spider:3)
  An ice statue (IceCv)
  8 black mambas
  Joseph (D:10)
  16 elephants
  A gargoyle (D:10)
  3 orange demons
  Maurice (Orc:1)
  4 torpor snails
  4 cane toads
  2 unseen horrors
  3 large abominations (Swamp:4)
  13 rime drakes
  Psyche (D:10)
  Maggie (Lair:1)
  11 komodo dragons
  A queen bee (Lair:4)
  17 meliai
  9 hornets
  12 polar bears
  7 trolls
  19 tarantellas
  4 tyrant leeches
  13 dream sheep
  Grinder (D:4)
  Prince Ribbit (D:9)
  17 blink frogs
  13 slime creatures
  30 jumping spiders
  Sigmund (D:4)
  7 spriggans
  6 shadows
  23 culicivoras
  54 yaks
  7 wraiths
  5 wyverns
  A hog (Lair:5)
  7 steam dragons
  2 humans (Lair:5)
  3 basilisks
  48 redbacks
  Menkaure (D:5)
  A two-headed ogre zombie (D:9)
  4 wargs
  18 swamp worms
  5 acid dragons
  15 water moccasins
  8 swamp drakes
  13 ice beasts
  42 orc warriors
  4 sky beasts
  6 ogres
  2 black bears
  7 centaurs
  11 wolves
  2 phantoms (D:9)
  2 kobold brigands
  12 bullfrogs
  A gnoll sergeant (D:10)
  6 scorpions
  20 wights
  27 killer bees
  An electric eel (Lair:4)
  2 howler monkeys
  A crimson imp (Orc:2)
  2 hounds (D:5)
  3 jellies
  27 orc priests
  An iron imp (Orc:2)
  3 sleepcaps
  2 gnoll boudas
  5 iguanas
  29 orc wizards
  17 hell rats
  7 ogre zombies (D:9)
  Robin (D:4)
  7 adders
  18 gnolls
  2 shadow imps
  4 white imps
  2 ufetubi (D:6)
  4 worms
  A dart slug (D:2)
  70 orcs
  7 ball pythons
  7 bats
  6 endoplasms
  5 giant cockroaches
  17 goblins
  13 hobgoblins
  6 jackals
  4 quokkas
  3 frilled lizards
  6 gnoll skeletons (D:9)
  29 kobolds
  5 orc skeletons (D:9)
  14 orc zombies (D:9)
  4 rats
1136 creatures vanquished.

Vanquished Creatures (others)
  A hydra (Swamp:1)
  A bloated husk (Swamp:1)
  A tarantella (Spider:3)
  A culicivora (Spider:3)
  A gnoll bouda (D:10)
  2 orcs (Orc:2)
  14 foxfires
21 creatures vanquished.

Grand Total: 1157 creatures vanquished

Notes
Turn   | Place    | Note
-------+----------+-------------------------------------------
     0 | D:1      | BinkBink the Ghoul Monk began the quest for the Orb.
     0 | D:1      | Reached XP level 1. HP: 19/19 MP: 0/0
   129 | D:1      | Reached XP level 2. HP: 26/26 MP: 1/1
   130 | D:1      | Found Megehux's Weapon Emporium.
   257 | D:1      | Got the Compendium of Wild Jinxing
   529 | D:1      | Reached XP level 3. HP: 33/33 MP: 2/2
   556 | D:1      | Found a faded altar of an unknown god.
  1086 | D:2      | Found a sacrificial altar of Ru.
  1585 | D:3      | Reached XP level 4. HP: 40/40 MP: 3/3
  2254 | D:4      | Noticed Sigmund
  2266 | D:3      | Found a broken altar of Ashenzari.
  2362 | D:4      | Noticed an ogre
  2650 | D:4      | Killed Sigmund
  2651 | D:4      | Reached skill level 5 in Fighting
  2651 | D:4      | Reached XP level 5. HP: 37/48 MP: 4/4
  2651 | D:4      | Reached XP level 6. HP: 44/56 MP: 5/5
  2743 | D:4      | Reached skill level 5 in Unarmed Combat
  2999 | D:4      | Noticed Robin
  3042 | D:4      | Killed Robin
  3083 | D:4      | Found a staircase to the Ecumenical Temple.
  3093 | Temple   | Entered the Ecumenical Temple
  3098 | Temple   | Became a worshipper of Qazlal Stormbringer
  3098 | Temple   | Reached * piety under Qazlal
  3098 | Temple   | Reached ** piety under Qazlal
  3187 | D:4      | Found an ornate altar of the Wu Jian Council.
  3279 | D:4      | Found a bloodstained altar of Trog.
  3357 | D:4      | Noticed Grinder
  3373 | D:4      | Killed Grinder
  3374 | D:4      | Reached XP level 7. HP: 22/63 MP: 6/6
  3712 | D:5      | Entered Level 5 of the Dungeon
  3774 | D:5      | Reached skill level 5 in Dodging
  3814 | D:5      | Reached XP level 8. HP: 35/71 MP: 7/7
  3987 | D:5      | Found a radiant altar of Vehumet.
  3991 | D:5      | Found a snail-covered altar of Cheibriados.
  3994 | D:5      | Found an ancient bone altar of Kikubaaqudgha.
  4001 | D:5      | Found a blossoming altar of Fedhas.
  4425 | D:5      | Noticed Menkaure
  4441 | D:5      | Killed Menkaure
  4633 | D:6      | Found an iron altar of Okawaru.
  4849 | D:6      | Identified the +5 hammer "Ziorphiss" {spect, rCorr}
  4850 | D:6      | Identified the +6 hammer "Vivas" {heavy, rElec Will+ SInv}
  4869 | D:6      | Found a runed translucent door.
  4870 | D:6      | Noticed Crazy Yiuf
  5212 | D:6      | Reached *** piety under Qazlal
  5399 | D:6      | Reached XP level 9. HP: 80/81 MP: 8/8
  5892 | D:7      | Identified the ring "Viros" {Contam Fly rCorr Str+3 Int-3}
  5917 | D:7      | Found a flagged portal.
  5924 | Bailey   | Entered a bailey
  7173 | Bailey   | Noticed an orc knight
  7193 | Bailey   | Killed an orc knight
  7260 | Bailey   | Reached XP level 10. HP: 65/91 MP: 9/9
  7709 | D:7      | Reached **** piety under Qazlal
  8214 | D:8      | Found a shimmering blue altar of Sif Muna.
  8275 | D:8      | Noticed a two-headed ogre
  8285 | D:8      | Killed a two-headed ogre
  8286 | D:8      | Reached skill level 10 in Fighting
  8286 | D:8      | Reached skill level 10 in Unarmed Combat
  8949 | D:9      | Noticed a two-headed ogre
  8960 | D:9      | Killed a two-headed ogre
  9217 | D:9      | Reached XP level 11. HP: 102/102 MP: 10/10
  9217 | D:9      | Noticed Prince Ribbit
  9241 | D:9      | Killed Prince Ribbit
  9306 | D:9      | Reached ***** piety under Qazlal
  9853 | D:9      | Found a staircase to the Orcish Mines.
 10263 | D:10     | Entered Level 10 of the Dungeon
 10263 | D:10     | Found a shimmering altar of Xom.
 10272 | D:10     | Noticed a two-headed ogre
 10282 | D:10     | Killed a two-headed ogre
 10638 | D:10     | Noticed Joseph
 10644 | D:10     | Noticed Psyche
 10657 | D:10     | Killed Joseph
 10658 | D:10     | Reached skill level 10 in Dodging
 10675 | D:10     | Killed Psyche
 10937 | D:10     | Found a hide-covered altar of Uskayaw.
 11163 | D:11     | Noticed a boulder beetle
 11438 | D:11     | Killed a boulder beetle
 11541 | D:11     | You are sucked into a shaft and drop 2 floors!
 11551 | D:13     | Noticed a cyclops
 11602 | D:12     | Reached XP level 12. HP: 34/113 MP: 11/11
 12028 | D:12     | Noticed Nessos
 12034 | D:12     | Killed Nessos
 12208 | D:12     | Reached ****** piety under Qazlal
 12261 | D:12     | Noticed a two-headed ogre
 12270 | D:12     | Killed a two-headed ogre
 12616 | D:13     | Noticed a boulder beetle
 12634 | D:13     | Killed a boulder beetle
 13203 | D:11     | Found a staircase to the Lair.
 13589 | D:11     | Reached XP level 13. HP: 107/124 MP: 12/12
 13850 | Lair:1   | Entered Level 1 of the Lair of Beasts
 13850 | Lair:1   | Noticed Maggie
 13855 | Lair:1   | Killed Maggie
 14077 | Lair:1   | Found a frozen archway.
 14087 | IceCv    | Entered an ice cave
 14345 | IceCv    | Noticed a frost giant
 14418 | IceCv    | Killed a frost giant
 14647 | IceCv    | Reached skill level 15 in Fighting
 14870 | IceCv    | Found the +3 pair of gauntlets of War {Slay+5}
 14958 | IceCv    | Reached skill level 15 in Unarmed Combat
 15535 | Lair:2   | Noticed Fannar
 15546 | Lair:2   | Killed Fannar
 15613 | Lair:2   | Reached XP level 14. HP: 135/135 MP: 13/13
 15802 | Lair:2   | Identified the ring "Suypadas" {Ice rPois}
 15883 | Lair:2   | Found a runed translucent gate.
 15884 | Lair:2   | Found a runed translucent gate.
 15884 | Lair:2   | Found a runed translucent gate.
 15886 | Lair:2   | Noticed pzskc383's ghost (journeyman GrFi)
 15995 | Lair:2   | Noticed an eleionoma
 16004 | Lair:2   | Killed an eleionoma
 16060 | Lair:2   | Found a staircase to the Swamp.
 16365 | Lair:4   | Identified the "Esuxkoj"
 16365 | Lair:5   | Identified the of Hazez
 16365 | Orc:1    | Entered Level 1 of the Orcish Mines
 16669 | Orc:1    | Noticed Maurice
 16685 | Orc:1    | Killed Maurice
 17160 | Orc:2    | Entered Level 2 of the Orcish Mines
 17852 | Orc:2    | Noticed Jorgrun
 17854 | Orc:2    | Noticed an orc warlord
 17864 | Orc:2    | Killed Jorgrun
 17868 | Orc:2    | Killed an orc warlord
 17876 | Orc:2    | HP: 2/137 [orc knight/+2 long sword of electrocution (15)]
 18939 | Orc:2    | Found Reeklema's General Store.
 18940 | Orc:2    | Found Zischate's Jewellery Shop.
 18942 | Orc:2    | Found Geebir's Antique Armour Boutique.
 18942 | Orc:2    | Found Ficeu's Antique Weapon Boutique.
 18947 | Orc:2    | Bought a scroll of identify for 32 gold pieces
 18958 | Orc:2    | Bought a translucent helmet for 218 gold pieces
 18958 | Orc:2    | Identified the +2 helmet of Stained Joy {Will+} (You bought
                  | it in a shop on level 2 of the Orcish Mines)
 19018 | Orc:2    | Found a staircase to the Elven Halls.
 19621 | Lair:3   | Noticed Amaemon
 19642 | Lair:3   | Killed Amaemon
 19845 | Lair:3   | Reached XP level 15. HP: 146/146 MP: 14/14
 19874 | Lair:3   | Found a hole to the Spider Nest.
 20489 | Lair:4   | Found a viscous altar of Jiyva.
 20899 | Lair:4   | Found a staircase to the Slime Pits.
 21335 | Lair:5   | Entered Level 5 of the Lair of Beasts
 21335 | Lair:5   | Noticed Kirke
 21341 | Lair:5   | Noticed Josephine
 21343 | Lair:5   | Killed Kirke
 21350 | Lair:5   | Killed Josephine
 21747 | Lair:5   | Reached skill level 15 in Dodging
 22097 | Lair:5   | Reached XP level 16. HP: 100/157 MP: 15/15
 22668 | Swamp:1  | Entered Level 1 of the Swamp
 22702 | Swamp:1  | Identified the +0 chain mail "Baenoqao" {rElec}
 22726 | Swamp:1  | Noticed Louise
 22737 | Swamp:1  | Killed Louise
 24020 | Swamp:3  | Identified 2 scrolls of acquirement
 24602 | Swamp:3  | Acquired a manual of Staves
 24604 | Swamp:3  | Acquired 748 gold pieces
 24616 | Swamp:4  | Entered Level 4 of the Swamp
 24755 | Swamp:4  | Reached XP level 17. HP: 137/168 MP: 16/16
 25367 | Swamp:4  | Got a decaying rune of Zot
 25551 | Spider:1 | Entered Level 1 of the Spider Nest
 25580 | Spider:1 | Noticed Roxanne
 25866 | Spider:1 | Killed Roxanne
 26024 | Spider:1 | Noticed Mlioglotl
 26037 | Spider:1 | Killed Mlioglotl
 26162 | Spider:1 | Noticed Donald
 26176 | Spider:1 | Killed Donald
 26650 | Spider:2 | Reached XP level 18. HP: 136/180 MP: 17/17
 26683 | Spider:2 | Noticed Agnes
 26689 | Spider:2 | Killed Agnes
 27420 | Spider:3 | Noticed Arachne
 27461 | Spider:3 | Killed Arachne
 27901 | Spider:3 | HP: 5/182 [disintegration (27)]
 28571 | Spider:4 | Entered Level 4 of the Spider Nest
 28609 | Spider:4 | Slain by a demonic crawler

Illustrated notes

Levels and vault maps discovered:
D:1:      dpeg_arrival_tiny_a, layout_loops_ring, basic_ecumenical_altar,
          serial_shops, nicolae_shop_bloodbath_and_beyond, minmay_pentomino_w2
D:2:      layout_rooms, basic_altar, minmay_split_cup_large
D:3:      layout_basic, nicolae_overflow_hidden_temple
D:4:      layout_basic, nzn_wu_jian_council_hall, mainiacjoe_overflow_alcove_1,
          lemuel_tele_altar, minmay_temple_entry_fiery, uniq_robin,
          uniq_grinder, uniq_sigmund
D:5:      layout_cave_pools, nicolae_overflow_hallway_of_the_gods, uniq_menkaure
D:6:      layout_loops_corners, kennysheep_okawaru_gauntlet,
          uniq_crazy_yiuf_cottage
D:7:      layout_basic, enter_bailey_3
D:8:      layout_gridville, nicolae_sif_muna_condensation
D:9:      layout_loops_ring, zombieorc2_lemuel, hangedman_misty_isle,
          uniq_prince_ribbit1
D:10:     layout_irregular_city, marbit_many_paths, lemuel_crystal_altar,
          uniq_psyche, uniq_joseph
D:11:     layout_basic, hellmonk_lair_entry_icy, nicolae_letterblocks
          [nicolae_letter_subblock, nicolae_letter_subblock,
          nicolae_letter_subblock, nicolae_letter_subblock,
          nicolae_letter_subblock, nicolae_letter_subblock,
          nicolae_letter_subblock, nicolae_letter_subblock,
          nicolae_letter_subblock, nicolae_letter_subblock,
          nicolae_letter_subblock, nicolae_letter_subblock,
          nicolae_letter_subblock, nicolae_letter_subblock,
          nicolae_letter_subblock, nicolae_letter_subblock,
          nicolae_letter_subblock, nicolae_letter_subblock,
          nicolae_letter_subblock, nicolae_letter_subblock,
          nicolae_letter_subblock, nicolae_letter_subblock,
          nicolae_letter_subblock, nicolae_letter_subblock,
          nicolae_letter_subblock]
D:12:     layout_stronghold, uniq_nessos
D:13:     layout_long_grid, david_vaults_1, amcnicky_mini_rare_corridor_liquid,
          eino_small_chamber_without_monster
Temple:   nicolae_temple_ecumenical_triangle
Lair:1:   layout_cave_shapes, portal_ice_cave_entry_pillars_1, uniq_maggie
Lair:2:   layout_small_grid, alex1729_swamp_entry_worm_eleionoma,
          gammafunk_ghost_hydra_chop, infiniplex_staircase_pool_2, uniq_fannar
Lair:3:   layout_regular_city, dummy_spider_entry, cheibrodos_lair_lostbears,
          grunt_megastairs_3, uniq_amaemon
Lair:4:   layout_gridlike, minmay_slime_entry_oklob_open, special_room
          [special_room_bee], grunt_megastairs_4, serial_bayou_shore_b
Lair:5:   hangedman_lair_in_review, layout_hall_layers,
          guppyfry_lair_end_dragon, minivault_11, wad_woods_river_04,
          uniq_kirke, uniq_josephine
Swamp:1:  layout_basic_swamp, hangedman_swamp_lotus, swamp_pool_5,
          infiniplex_staircase_pool, uniq_louise
Swamp:2:  layout_basic_swamp, evilmike_swamp_ruin_house_2
Swamp:3:  layout_basic_swamp, evilmike_swamp_ruin_house_6
Swamp:4:  swamp_vile, layout_basic_swamp, swamp_pool_5, grunt_hermit_hut
Spider:1: layout_spider_delve, guppyfry_spider_mini_2, uniq_mlioglotl,
          uniq_donald, uniq_roxanne
Spider:2: layout_spider_delve, hellmonk_spider_spawner, uniq_agnes
Spider:3: nicolae_spider_corner, uniq_arachne
Spider:4: grunt_spider_rune_circles
Orc:1:    nicolae_orc_accident_1, layout_caves, uniq_maurice
Orc:2:    st_orc_congregation, layout_caves, hangedman_minor_magic, uniq_jorgrun

Skill      XL: |  1  2  3  4  5  6  7  8  9 10 11 12 13 14 15 16 17 18 |
---------------+-------------------------------------------------------+-----
Dodging        | 3 4 5 6 7 9 10 11 12 14 15 16 17 18 | 18.0
Fighting       | 4 5 6 7 9 11 12 14 15 16 18 19 20 21 | 21.3
Unarmed Combat | 4 5 6 7 9 10 12 13 15 16 17 19 20 21 | 21.0

Action                     |  1- 3 |  4- 6 |  7- 9 | 10-12 | 13-15 | 16-18 || total
---------------------------+-------+-------+-------+-------+-------+-------++-------
  Melee: Unarmed           |   105 |   109 |   258 |   650 |  1035 |  1022 ||  3179
    Use: Scroll            |       |     9 |     4 |     5 |    12 |    13 ||    43
         Potion            |       |     1 |     2 |     2 |     1 |     9 ||    15
   Stab: Held in net/web   |       |       |       |       |       |     1 ||     1
 Armour: Robe              |    41 |    56 |   132 |   160 |       |       ||   389
         Troll leather arm |       |       |       |    94 |       |       ||    94
         Steam dragon scal |       |       |       |       |   239 |       ||   239
         Skin              |       |       |       |       |    29 |       ||    29
         Plate armour      |       |       |       |       |   338 |   903 ||  1241
  Dodge: Dodged            |    62 |    53 |   162 |   317 |   537 |   485 ||  1616
         Repelled          |       |       |       |     5 |    11 |    11 ||    27
  Block: Orb               |       |     1 |    39 |   161 |   379 |   321 ||   901

Table legend: (Time is in decaauts)
 A = Elapsed time spent in this place.
 B = Non-inter-level travel time spent in this place.
 C = Inter-level travel time spent in this place.
 D = Time resting spent in this place.
 E = Time spent auto-exploring this place.
 F = Levels seen in this place.
 G = Mean time per level.
                   A        B        C        D        E       F      G
               +--------+--------+--------+--------+--------+-----+--------+
         Total |  28412 |  26676 |   1736 |   3303 |  17953 |  31 |  916.5 |
       Dungeon |  12231 |  11333 |    898 |   1055 |   8222 |  13 |  940.8 |
        Temple |     10 |     10 |      0 |      0 |      0 |   1 |   10.0 |
          Lair |   4585 |   4276 |    309 |     75 |   3308 |   5 |  917.0 |
         Swamp |   2856 |   2754 |    102 |     86 |   2099 |   4 |  714.0 |
   Spider Nest |   3039 |   2865 |    174 |    238 |   1815 |   4 |  759.8 |
  Orcish Mines |   3094 |   2843 |    251 |    638 |   1696 |   2 | 1547.0 |
        Bailey |   1585 |   1585 |      0 |   1099 |    198 |   1 | 1585.0 |
      Ice Cave |   1008 |   1008 |      0 |    112 |    613 |   1 | 1008.0 |
               +--------+--------+--------+--------+--------+-----+--------+

Top non-repeatable levels by time:
   Orc:1: 1736 daAuts
  Bailey: 1585 daAuts
   Orc:2: 1358 daAuts
  Lair:5: 1284 daAuts
    D:12: 1220 daAuts
    D:11: 1183 daAuts
     D:9: 1159 daAuts
Spider:3: 1157 daAuts
     D:4: 1123 daAuts
    D:10: 1077 daAuts
Spider:2: 1074 daAuts
     D:3: 1057 daAuts
     D:6: 1052 daAuts
  Lair:4: 1038 daAuts
   IceCv: 1008 daAuts
